AoeStats
← x2 ☃

MegaRandom

510675233Analyzed
3v3 RM · 2d ago on Oct 2, 2026· 56m 24s· 6 players
Game mode
Random Map
Map size
Normal (6 player)
Population
200
Speed
Normal
Resources
Standard
Victory
Conquest
Starting age
Dark Age
Ending age
Imperial Age
RankedLock teamsTeams togetherTeam positionsShared explorationLock speedFull tech treeHidden civsTurbo modeCheats
Victory
Defeat
🇺🇸 Varangians · United States
918
+15
🇺🇸 Spanish · United States
915
+16
🇺🇸 Mapuche · United States
847
+17
🇧🇷 Chinese · Brazil
925
-17
🇺🇸 Malay · United States
902
-16
🇺🇸 Malians · United States
879
-15
Nezmorn
2:01 Loom
5:31 Loom
11:47 Feudal Age
12:22 Double-Bit Axe
12:18 Horse Collar
15:52 Wheelbarrow
19:56 Castle Age
18:57 Bloodlines
22:04 Fervor
23:30 Husbandry
23:59 Bow Saw
23:51 Heavy Plow
25:28 Inquisition
26:14 Ballistics
25:50 Fletching
32:29 Imperial Age
30:50 Masonry
32:02 Hand Cart
36:15 Chemistry
36:07 Redemption
38:37 Conscription
38:38 Supremacy
38:41 Block Printing
38:52 Illumination
39:04 Theocracy
38:52 Sanctity
42:39 Bodkin Arrow
42:57 Forging
42:52 Scale Barding Armor
43:20 Architecture
46:55 Iron Casting
46:40 Chain Barding Armor
46:24 Bracer
48:57 Murder Holes
50:11 Blast Furnace
49:46 Plate Barding Armor
48:54 Light Cavalry
52:28 Hussar
53:11 Scale Mail Armor
53:16 Padded Archer Armor
x2 ☃
4:39 Loom
12:28 Feudal Age
19:17 Bloodlines
21:57 Castle Age
21:31 Scale Barding Armor
21:36 Double-Bit Axe
21:32 Horse Collar
23:04 Gold Mining
23:20 Husbandry
25:28 Wheelbarrow
29:56 Fletching
30:28 Chain Barding Armor
32:46 Forging
32:32 Bodkin Arrow
36:21 Bow Saw
36:12 Heavy Plow
36:04 Stone Mining
38:15 Iron Casting
39:17 Scale Mail Armor
39:14 Vendel Legacy
42:57 Imperial Age
43:48 Siege Engineers
43:08 Onager
44:05 Squires
43:51 Gambesons
45:27 Cavalier
47:29 Plate Barding Armor
52:14 Chemistry
51:34 Ballistics
55:45 Blast Furnace
Nivix Zixer
8:53 Loom
10:53 Feudal Age
20:38 Castle Age
19:16 Double-Bit Axe
20:29 Horse Collar
22:51 Bow Saw
23:41 Pikeman
23:48 Elite Skirmisher
27:51 Forging
29:10 Town Watch
31:38 Heavy Plow
31:40 Fletching
31:52 Padded Archer Armor
33:29 Bodkin Arrow
33:51 Leather Archer Armor
35:57 Ballistics
38:24 Imperial Age
39:11 Elite Bolas Rider
39:20 Halberdier
48:41 Ring Archer Armor
51:01 Gold Mining
51:01 Stone Mining
51:35 Masonry
52:26 Chemistry
51:33 Malon
55:14 Hoardings
jkulik11
6:21 Loom
11:24 Feudal Age
11:51 Horse Collar
11:59 Double-Bit Axe
14:37 Wheelbarrow
20:02 Castle Age
22:11 Forging
22:02 Scale Mail Armor
23:14 Bow Saw
23:09 Heavy Plow
27:23 Pikeman
28:06 Squires
31:01 Iron Casting
30:41 Chain Mail Armor
37:00 Elite Skirmisher
40:54 Thumb Ring
40:53 Fletching
41:06 Padded Archer Armor
49:11 Imperial Age
48:26 Man-at-Arms
51:40 Farimba
52:27 Scale Barding Armor
53:25 Bloodlines
52:46 Light Cavalry
52:54 Light Cavalry
53:39 Cavalier
Profucius9933
12:31 Feudal Age
12:13 Man-at-Arms
13:27 Double-Bit Axe
13:25 Horse Collar
18:21 Loom
22:04 Castle Age
23:10 Bow Saw
23:38 Heavy Plow
23:57 Forging
23:14 Man-at-Arms
25:46 Caravan
28:05 Thalassocracy
31:29 Imperial Age
29:49 Squires
29:36 Arson
31:02 Wheelbarrow
30:05 Long Swordsman
30:50 Pikeman
32:22 Halberdier
32:38 Two-Handed Swordsman
37:06 Forced Levy
43:43 Iron Casting
44:48 Crop Rotation
48:23 Blast Furnace
47:14 Fletching
47:24 Padded Archer Armor
49:49 Elite Skirmisher
50:34 Thumb Ring
50:28 Bodkin Arrow
50:49 Leather Archer Armor
53:17 Ballistics
Avalanche
0:34 Loom
12:22 Feudal Age
12:51 Double-Bit Axe
12:50 Horse Collar
20:50 Castle Age
24:26 Bow Saw
24:19 Heavy Plow
33:05 Imperial Age
33:28 Thumb Ring
32:46 Elite Skirmisher
35:10 Padded Archer Armor
35:00 Fletching
35:32 Stone Mining
37:02 Leather Archer Armor
36:43 Bodkin Arrow
37:16 Ballistics
37:57 Chemistry
36:52 Murder Holes
38:03 Conscription
38:23 Bracer
42:29 Gold Mining
44:25 Wheelbarrow
43:36 Town Watch
47:11 Gold Shaft Mining
46:53 Hand Cart
47:49 Ring Archer Armor
47:17 Elite Chu Ko Nu
52:12 Husbandry
52:22 Bloodlines
51:33 Light Cavalry
52:00 Heavy Rocket Cart
53:46 Scale Barding Armor
53:51 Forging
54:27 Rocketry
55:36 Two-Man Saw
Connection lost

Rejoining the realm…

Still unreachable

The connection could not be restored.

Session expired

The server has moved on; the page needs a fresh start.